 Dungeon Crawl Stone Soup version 0.27-a0-1202-ge72e49191c (webtiles) character file.

Game seed: 3731510911310450366

39116 Froggeryz the Stormcaller (level 14, -5/74 HPs)
             Began as a Tengu Air Elementalist on June 2, 2021.
             Was an Elder of Vehumet.
             Engulfed by a cloud of flame (25 damage)
             ... on level 4 of the Lair of Beasts.
             The game lasted 00:48:42 (25360 turns).

Froggeryz the Stormcaller (Tengu Air Elementalist) Turns: 25360, Time: 00:48:43

Health: -5/74      AC: 12    Str: 14    XL:     14   Next: 5%
Magic:  8/29       EV: 19    Int: 22    God:    Vehumet [****..]
Gold:   810        SH:  5    Dex: 15    Spells: 24/33 levels left

rFire    . . .     SeeInvis +   J - +9 rapier of an ice cave {freeze, Str+3 Int+4 Stlth-}
rCold    . . .     Faith    .   h - +0 buckler
rNeg     . . .     Spirit   .   y - +1 ring mail "Vuosk" {rElec rPois SInv}
rPois    +         Reflect  .   M - +0 hat
rElec    +         Harm     .   q - +0 cloak
rCorr    .         Rampage  .   (no gloves)
Will     +....                  (boots unavailable)
Stlth    ..........             (no amulet)
HPRegen  0.22/turn              a - +4 ring of evasion
MPRegen  0.21/turn              x - +4 ring of protection

@: flying quickly and evasively, quick
A: beak, talons 3, nimble flight
a: Renounce Religion


You were on level 4 of the Lair of Beasts.
You worshipped Vehumet.
Vehumet was greatly pleased with you.
You visited 3 branches of the dungeon, and saw 18 of its levels.

You collected 838 gold pieces.
You spent 28 gold pieces at shops.

Inventory:

Hand Weapons
 G - a +4 vampiric scimitar
 J - the +9 rapier of an ice cave (weapon) {freeze, Str+3 Int+4 Stlth-}
   (You acquired it on level 1 of the Lair of Beasts)

   It has been specially enchanted to freeze those struck by it, causing extra
   injury to most foes and up to half again as much damage against particularly
   susceptible opponents.
   It can also slow down cold-blooded creatures.
   It affects your strength (+3).
   It affects your intelligence (+4).
   It makes you less stealthy.
Missiles
 r - 6 curare-tipped darts
 t - 4 atropa-tipped darts
Armour
 h - a +0 buckler (worn)
 q - a +0 cloak (worn)
 y - the +1 ring mail "Vuosk" (worn) {rElec rPois SInv}
   (You found it on level 5 of the Dungeon)

   It insulates you from electricity.
   It protects you from poison.
   It lets you see invisible.
 L - the +9 scales of the Dragon King {rPois rF+ rC+ Will+}
   (You found it on level 4 of the Lair of Beasts)

   It protects you from fire.
   It protects you from cold.
   It protects you from poison.
   It increases your willpower.
 M - a +0 hat (worn)
Jewellery
 a - a +4 ring of evasion (left hand)
 g - a ring of positive energy
 j - a ring of positive energy
 m - a ring of see invisible
 x - a +4 ring of protection (right hand)
Wands
 n - a wand of mindburst (32)
 A - a wand of acid (17)
 C - a wand of polymorph (18)
 F - a wand of digging (5)
 K - a wand of paralysis (10)
 N - a wand of flame (33)
Scrolls
 f - 2 scrolls of fog
 k - 7 scrolls of teleportation
 l - 3 scrolls of enchant armour
 o - a scroll of fear
 D - 2 scrolls of summoning
 E - 2 scrolls of enchant weapon
 H - a scroll of blinking {unknown}
 I - a scroll of brand weapon
 O - a scroll of holy word
Potions
 b - a potion of heal wounds
 c - 3 potions of attraction
 d - a potion of cancellation
 e - 3 potions of might
 i - 4 potions of haste
 p - 2 potions of mutation {unknown}
 s - 2 potions of brilliance {unknown}
 u - 3 potions of lignification
 v - 2 potions of berserk rage {unknown}
 w - 4 potions of curing {unknown}
 z - a potion of magic {unknown}
 B - a potion of ambrosia {unknown}


   Skills:
 - Level 3.2 Fighting
 + Level 11.0 Short Blades
 - Level 5.5 Armour
 - Level 5.2 Dodging
 - Level 2.0 Stealth
 - Level 5.0 Shields
 - Level 10.0 Spellcasting
 - Level 8.2 Conjurations
 * Level 18.5 Air Magic
 - Level 3.0 Evocations


You had 24 spell levels left.
You knew the following spells:

 Your Spells              Type           Power      Damage    Failure   Level
b - Airstrike             Air            37%        N/A       1%          4
c - Lightning Bolt        Conj/Air       31%        1d48      1%          5

Your spell library contained the following spells:

 Spells                   Type           Power      Damage    Failure   Level
 Olgreb's Toxic Radiance  Pois           11%        N/A       28%         4
 Foxfire                  Conj/Fire      100%       2x1d9     1%          1
 Shock                    Conj/Air       100%       1d9       1%          1
 Poisonous Vapours        Pois/Air       100%       N/A       1%          2
 Static Discharge         Conj/Air       63%        N/A       1%          2
 Conjure Flame            Conj/Fire      29%        6-21      1%          3
 Mephitic Cloud           Conj/Pois/Air  50%        N/A       1%          3
 Swiftness                Air            75%        N/A       1%          3
 Sticky Flame             Conj/Fire      29%        2d5       6%          4
 Inner Flame              Hex/Fire       11%        N/A       10%         3
 Apportation              Tloc           22%        N/A       12%         1
 Beastly Appendage        Tmut           22%        N/A       12%         1
 Freezing Cloud           Conj/Ice/Air   25%        6-21      12%         6
 Fireball                 Conj/Fire      14%        3d8       16%         5
 Wereblood                Tmut           11%        N/A       17%         2
 Lesser Beckoning         Tloc           5%         N/A       34%         3
 Spider Form              Tmut/Pois      5%         N/A       34%         3
 Tukima's Dance           Hex            11%        N/A       34%         3
 Ice Form                 Ice/Tmut       11%        N/A       75%         4
 Alistair's Intoxication  Tmut/Pois      7%         N/A       97%         5
 Hydra Form               Tmut           5%         N/A       97%         5
 Invisibility             Hex            11%        N/A       100%        6


Dungeon Overview and Level Annotations

Branches:
Dungeon (11/15)            Temple (1/1) D:7            Lair (6/6) D:10
 Shoals (0/4) Lair:2        Snake (0/4) Lair:3          Orc (0/2) D:9
  Slime: Lair:5-6

Altars:
Ashenzari
Cheibriados
Dithmenos
Elyvilon
Fedhas
Gozag
Hepliaklqana
Kikubaaqudgha
Makhleb
Nemelex Xobeh
Okawaru
Qazlal
Ru
Sif Muna
Trog
Uskayaw
Vehumet
Wu Jian
Xom
Yredelemnul
Zin
The Shining One

Shops:
D:2 :   D:6 [   D:9 ?

Annotations:
D:3 1 runed translucent door


Innate Abilities, Weirdness & Mutations

You have a beak for a mouth.
You have claws for feet.
Your magical nature lets you fly swiftly and evasively.


Message History

Unknown command.
Casting: Lightning Bolt (dangerous; 1% risk of failure)
Confirm with . or Enter, or press ? or * to list all spells.
Aiming: Lightning Bolt (dangerous; 1% risk of failure)
Press: ? - help, Shift-Dir - straight line, f - fire crab
Aim: a fire crab (83% to hit)
Okay, then.
You are engulfed in blazing flames.
Casting: Lightning Bolt (dangerous; 1% risk of failure)
Confirm with . or Enter, or press ? or * to list all spells.
Aiming: Lightning Bolt (dangerous; 1% risk of failure)
Press: ? - help, Shift-Dir - straight line You hear a mighty clap of thunder!
The bolt of lightning hits the fire crab!!
The fire crab is heavily wounded.
The bolt of lightning hits the fire crab!
The fire crab is severely wounded.
You are engulfed in blazing flames.
Casting: Lightning Bolt (dangerous; 1% risk of failure)
Confirm with . or Enter, or press ? or * to list all spells.
Aiming: Lightning Bolt (dangerous; 1% risk of failure)
Press: ? - help, Shift-Dir - straight line You hear a mighty clap of thunder!
The bolt of lightning misses the fire crab.
You are engulfed in blazing flames.
* * * LOW HITPOINT WARNING * * *
The fire crab barely misses you. The fire crab closely misses you.
You feel much better. The fire crab breathes flames at you.
The blast of flame misses you.
Casting: Lightning Bolt (dangerous; 1% risk of failure)
Confirm with . or Enter, or press ? or * to list all spells.
Aiming: Lightning Bolt (dangerous; 1% risk of failure)
Press: ? - help, Shift-Dir - straight line You hear a mighty clap of thunder!
The bolt of lightning hits the fire crab!!!
You kill the fire crab!
Vehumet accepts your kill.
You feel your power returning.
You are engulfed in blazing flames.
You die...

#.....#♣♣♣♣♣♣♣D♣♣♣♣♣♣♣ ♣.♣ #....
#.♣♣♣.#♣.............♣ ♣.♣ #....
#.♣ ♣.#♣.♣♣♣♣♣♣♣♣♣♣♣.♣ ♣♣.♣♣#....
#.♣ ♣.#♣.♣.........♣.♣ ♣...♣#....
#.♣ ♣.#♣.♣.♣♣♣♣♣♣♣.♣.♣ ♣...♣#....
#.♣♣♣.#♣.♣.♣#####♣.♣.♣ ♣...♣#....
#.....#♣.♣.♣#..†○♣.♣.♣#♣...♣#....
.........♣.♣#''#○♣(♣.............
#.....#..♣.♣#..#@♣.♣♣♣#♣...♣#....
#.♣.♣.#..♣.♣#)=#○♣.♣ ♣...♣#....
#.♣♣..#♣.♣.♣####○♣.♣ ♣...♣#...[
#.♣♣..#♣.♣.....○○♣.♣ ♣...♣#....
#.♣♣♣.#♣.♣♣♣♣♣♣♣♣♣.♣ ♣♣.♣♣#....
#.♣♣♣.#♣...........♣ ♣.♣ #....
#.....#♣...♣♣♣.♣♣♣♣♣ ♣.♣ #....
##############.###### ######....
.#....#♣♣....♣.♣....♣♣##.........


There were no monsters in sight!

Vanquished Creatures
  Gastronok (Lair:1)
  6 hydras
  A boulder beetle (Lair:4)
  Erica (D:9)
  An anaconda (Lair:4)
  2 catoblepae (Lair:4)
  2 two-headed ogres
  A fire crab (Lair:4)
  Pikel (D:8)
  4 oklob plants (Lair:3)
  An elephant (D:10)
  A manticore (Lair:2)
  7 black mambas
  Joseph (D:9)
  A gargoyle (D:6)
  Maggie (D:7)
  2 rime drakes
  13 cane toads
  Psyche (D:9)
  7 komodo dragons
  A wind drake (Lair:2)
  3 blink frogs (Lair:4)
  2 hornets
  2 slime creatures (D:9)
  A meliai zombie (D:10)
  A shadow (D:6)
  4 wyverns
  26 yaks
  5 basilisks
  Menkaure (D:5)
  A steam dragon (D:7)
  Edmund (D:9)
  7 nagas (Lair:3)
  16 water moccasins
  A floating eye (Lair:3)
  Duvessa (D:7)
  2 orc warriors
  2 black bears
  2 ice beasts
  A sky beast (D:7)
  A necrophage (D:7)
  An ogre (D:7)
  2 hornet zombies
  17 wolves
  3 centaurs
  A kobold brigand (D:7)
  3 lemures (D:7)
  2 phantoms (D:5)
  Blork the orc (D:4)
  11 bullfrogs
  A scorpion (D:5)
  Dowan (D:7)
  30 killer bees
  11 howler monkeys
  A bullfrog zombie (D:4)
  5 centaur zombies
  4 hounds
  A centaur skeleton (D:6)
  A gnoll shaman (D:6)
  3 orc priests
  A jelly (D:6)
  Ijyb (D:3)
  Terence (D:2)
  7 hell rats (Lair:2)
  3 iguanas
  An orc wizard (D:9)
  A killer bee zombie (D:5)
  3 howler monkey zombies
  A howler monkey skeleton (D:3)
  4 adders
  8 gnolls
  2 white imps (D:6)
  An ufetubus (D:5)
  2 worms
  2 dart slugs (D:1)
  17 orcs
  4 bats
  3 endoplasms
  6 giant cockroaches
  5 goblins
  7 hobgoblins
  8 jackals
  5 quokkas
  9 ball pythons
  3 frilled lizards
  A jackal skeleton (D:3)
  11 kobolds
  5 rats
357 creatures vanquished.

Vanquished Creatures (others)
  39 fungi
  41 plants
80 creatures vanquished.

Grand Total: 437 creatures vanquished

Notes
Turn   | Place    | Note
-------+----------+-------------------------------------------
     0 | D:1      | Froggeryz the Tengu Air Elementalist began the quest for
                  | the Orb.
     0 | D:1      | Reached XP level 1. HP: 10/10 MP: 4/4
   337 | D:1      | Found a faded altar of an unknown god.
   371 | D:1      | Reached XP level 2. HP: 12/15 MP: 1/6
   973 | D:1      | Reached skill level 5 in Air Magic
  1413 | D:2      | Reached XP level 3. HP: 6/19 MP: 3/7
  1781 | D:2      | Reached skill level 1 in Shields
  1961 | D:2      | Found a glowing golden altar of the Shining One.
  2050 | D:2      | Noticed Terence
  2094 | D:2      | Killed Terence
  2095 | D:2      | Reached XP level 4. HP: 7/24 MP: 0/8
  2801 | D:2      | Found Tonuosan's Book Shop.
  3271 | D:3      | Reached skill level 6 in Air Magic
  3286 | D:3      | Found a runed translucent door.
  3286 | D:3      | Noticed a human
  3322 | D:3      | Found a basalt altar of Yredelemnul.
  3494 | D:3      | Gained mutation: Your magical nature lets you fly swiftly
                  | and evasively. [Tengu growth]
  3494 | D:3      | Reached XP level 5. HP: 28/28 MP: 5/9
  3540 | D:3      | Found a blossoming altar of Fedhas.
  3541 | D:3      | Noticed Ijyb
  3549 | D:3      | Paralysed by Ijyb for 5 turns
  3556 | D:3      | Paralysed by Ijyb for 3 turns
  3562 | D:3      | Killed Ijyb
  3563 | D:3      | Reached skill level 1 in Evocations
  4404 | D:3      | Reached XP level 6. HP: 32/32 MP: 4/10
  6040 | D:4      | Noticed Blork the orc
  6060 | D:4      | Killed Blork the orc
  6061 | D:4      | Reached XP level 7. HP: 16/36 MP: 6/11
  6289 | D:4      | Reached skill level 5 in Shields
  6427 | D:5      | Entered Level 5 of the Dungeon
  6495 | D:5      | Reached skill level 1 in Fighting
  7020 | D:5      | Reached skill level 7 in Air Magic
  7025 | D:5      | Learned a level 4 spell: Airstrike
  7060 | D:5      | Reached XP level 8. HP: 45/45 MP: 5/12
  7482 | D:5      | Noticed Menkaure
  7491 | D:5      | Killed Menkaure
  7492 | D:5      | Reached skill level 8 in Air Magic
  8155 | D:5      | Identified the +1 ring mail "Vuosk" {rElec rPois SInv}
  8429 | D:6      | Noticed Edmund
  8745 | D:6      | Reached skill level 1 in Armour
  8858 | D:6      | Reached skill level 9 in Air Magic
  9291 | D:6      | Noticed a shadow
  9292 | D:6      | Noticed a gargoyle
  9310 | D:6      | Killed a shadow
  9312 | D:6      | Killed a gargoyle
  9313 | D:6      | Reached skill level 5 in Armour
  9313 | D:6      | Reached XP level 9. HP: 30/51 MP: 2/14
  9617 | D:6      | Found Uhuzeog's Armour Shop.
  9817 | D:7      | Reached skill level 10 in Air Magic
  9867 | D:7      | Noticed a hornet
  9968 | D:7      | Noticed Duvessa
  9969 | D:7      | Noticed Dowan
 10096 | D:7      | Killed Duvessa
 10100 | D:7      | Killed Dowan
 10101 | D:7      | Reached skill level 11 in Air Magic
 10344 | D:7      | Killed a hornet
 10369 | D:7      | Reached skill level 12 in Air Magic
 10410 | D:7      | Noticed Maggie
 10829 | D:7      | Killed Maggie
 11019 | D:7      | Reached skill level 13 in Air Magic
 11019 | D:7      | Reached XP level 10. HP: 56/56 MP: 4/15
 11915 | D:7      | Found a staircase to the Ecumenical Temple.
 12074 | Temple   | Entered the Ecumenical Temple
 12135 | Temple   | Became a worshipper of Vehumet
 12171 | D:8      | Noticed Pikel
 12530 | D:8      | Killed Pikel
 12748 | D:7      | Reached skill level 14 in Air Magic
 13195 | D:8      | Reached skill level 5 in Dodging
 13444 | D:8      | Found a sparkling altar of Nemelex Xobeh.
 13780 | D:9      | Reached skill level 1 in Short Blades
 13879 | D:9      | Learned a level 5 spell: Lightning Bolt
 14003 | D:9      | Noticed Joseph
 14037 | D:9      | Killed Joseph
 14152 | D:9      | Found Piuciuvoqa's Magic Scroll Shoppe.
 14204 | D:9      | Bought a scroll of identify for 28 gold pieces
 14227 | D:9      | Noticed Psyche
 14278 | D:9      | Killed Psyche
 14279 | D:9      | Reached XP level 11. HP: 29/60 MP: 7/16
 14445 | D:9      | Noticed Erica
 14484 | D:9      | HP: 1/60 [poisoned by Erica (bolt of poison)]
 14833 | D:9      | Reached skill level 5 in Short Blades
 14842 | D:9      | Noticed a two-headed ogre
 14860 | D:9      | Killed Edmund
 15000 | D:8      | Killed a two-headed ogre
 15212 | D:9      | Killed Erica
 15212 | D:9      | Reached * piety under Vehumet
 15212 | D:9      | Offered knowledge of Sandblast by Vehumet.
 15213 | D:9      | Reached skill level 15 in Air Magic
 15761 | D:9      | Reached skill level 5 in Conjurations
 15831 | D:10     | Entered Level 10 of the Dungeon
 15843 | D:10     | Found a hazy altar of Hepliaklqana.
 15981 | D:10     | Noticed a two-headed ogre
 16037 | D:10     | Killed a two-headed ogre
 16176 | D:10     | Found a burning altar of Makhleb.
 16318 | D:10     | Found a staircase to the Lair.
 17243 | Lair:1   | Entered Level 1 of the Lair of Beasts
 17281 | D:9      | Found a staircase to the Orcish Mines.
 17393 | D:9      | Found a white marble altar of Elyvilon.
 17523 | Lair:1   | Identified a scroll of acquirement
 17524 | Lair:1   | Acquired the +9 rapier of an ice cave {freeze, Str+3 Int+4
                  | Stlth-}
 17969 | Lair:1   | Noticed Gastronok
 18446 | Lair:1   | Killed Gastronok
 18447 | Lair:1   | Reached skill level 5 in Spellcasting
 18447 | Lair:1   | Reached skill level 16 in Air Magic
 18447 | Lair:1   | Reached XP level 12. HP: 63/64 MP: 4/20
 19202 | Lair:2   | Offered knowledge of Poisonous Vapours by Vehumet.
 19418 | Lair:2   | Reached ** piety under Vehumet
 19584 | Lair:2   | Noticed a four-headed hydra
 19880 | Lair:2   | Found a staircase to the Shoals.
 19990 | Lair:2   | Killed a four-headed hydra
 19991 | Lair:2   | Reached skill level 17 in Air Magic
 20616 | Lair:3   | Noticed an eight-headed hydra
 20626 | Lair:3   | Killed an eight-headed hydra
 20740 | Lair:3   | Offered knowledge of Mephitic Cloud by Vehumet.
 20840 | Lair:3   | Paralysed by a floating eye for 4 turns
 20942 | Lair:2   | Reached *** piety under Vehumet
 21095 | Lair:2   | Reached XP level 13. HP: 63/68 MP: 19/26
 21582 | Lair:3   | Found a staircase to the Snake Pit.
 21772 | Lair:3   | Offered knowledge of Conjure Flame by Vehumet.
 23059 | Lair:3   | You are sucked into a shaft and drop 3 floors!
 23059 | Lair:6   | Entered Level 6 of the Lair of Beasts
 23115 | Lair:4   | HP: 3/68 [black mamba (12)]
 23120 | Lair:4   | Reached **** piety under Vehumet
 23158 | Lair:4   | Offered knowledge of Olgreb's Toxic Radiance by Vehumet.
 23794 | Lair:4   | Reached skill level 10 in Spellcasting
 23803 | Lair:4   | Reached skill level 10 in Short Blades
 24449 | Lair:4   | Reached skill level 18 in Air Magic
 24775 | Lair:4   | Found the +9 scales of the Dragon King {rPois rF+ rC+
                  | Will+}
 25232 | Lair:4   | Reached XP level 14. HP: 63/74 MP: 18/29
 25360 | Lair:4   | Engulfed by a cloud of flame

Illustrated notes

Levels and vault maps discovered:
D:1:      dpeg_arrival_orchard, layout_loops_corners,
          hellmonk_ecumenical_altar_prayer_group, amethyst_killhole,
          minivault_23, minmay_misc_feat_cross
D:2:      layout_basic, serial_shops, shop, basic_altar, uniq_terence
D:3:      kb_forest_paths, layout_basic, dk_yredelemnul_ordeal,
          fedhas_ov_isle_minmay, uniq_ijyb
D:4:      layout_basic, kennysheep_nub, uniq_blork_the_orc
D:5:      layout_basic, kennysheep_diamond, moated_statue, uniq_menkaure
D:6:      kennysheep_big_flooded_room, layout_basic, serial_shops,
          nicolae_shop_trees, grunt_decor_resistance, uniq_edmund
D:7:      layout_basic, minmay_temple_entry_nine_rooms, uniq_duvessa,
          uniq_maggie
D:8:      layout_loops_ring, nemelex_diamond_rough_becter, uniq_pikel
D:9:      layout_basic, general_overflow_altar, orc_0_dummy, serial_shops,
          nicolae_shop_competitors_out_of_business, minmay_sticks_and_stones,
          uniq_erica, uniq_psyche
D:10:     layout_roguey, lemuel_doored_altar, lightli_temple_of_fire,
          david_lair_generic, minmay_holes
D:11:     layout_rooms, led_sif_book
Temple:   nicolae_temple_x_marks_the_god
Lair:1:   layout_regular_city, uniq_gastronok
Lair:2:   layout_small_grid, minmay_shoals_entry_beasts
Lair:3:   regret_index_wax_grids, layout_layer_cave,
          minmay_snake_entry_guardpost_medium, disabler_island,
          grunt_megastairs_4
Lair:4:   nzn_winding_woodlands_cross [nzn_winding_woodlands_5x15_default,
          nzn_winding_woodlands_5x15_river_crossing,
          nzn_winding_woodlands_5x15_parted,
          nzn_winding_woodlands_5x15_concentric,
          nzn_winding_woodlands_15x15_boxy_spiral], layout_long_grid
Lair:5:   layout_big_grid, dpeg_slime_entry_enclosed_altar
Lair:6:   due_jungle_book, layout_misc_corridors, minmay_lair_oklob_bushes,
          serial_bayou_shore_b, uniq_urug

Skill      XL: |  1  2  3  4  5  6  7  8  9 10 11 12 13 14 |
---------------+-------------------------------------------+-----
Conjurations   | 2 3 8 |  8.2
Air Magic      | 5 6 7 9 13 14 16 17 18 | 18.5
Shields        | 1 2 3 4 5 |  5.0
Evocations     | 2 3 |  3.0
Fighting       | 2 3 |  3.2
Spellcasting   | 3 5 8 10 | 10.0
Armour         | 5 |  5.5
Dodging        | 5 |  5.2
Short Blades   | 4 6 8 10 11 | 11.0
Stealth        | |  2.0

Action                   |  1- 3 |  4- 6 |  7- 9 | 10-12 | 13-15 || total
-------------------------+-------+-------+-------+-------+-------++-------
Melee: Unarmed           |     2 |     1 |       |    11 |       ||    14
       Kick              |     1 |     5 |    16 |    97 |    27 ||   146
       Short sword       |       |    22 |    60 |   177 |       ||   259
       Peck              |       |     4 |     9 |    53 |    13 ||    79
       Rapier            |       |       |       |   172 |   123 ||   295
 Cast: Shock             |    65 |   140 |   185 |   219 |     2 ||   611
       Airstrike         |       |       |    26 |    53 |    77 ||   156
       Lightning Bolt    |       |       |       |    39 |    43 ||    82
Evoke: Wand              |       |     3 |     3 |     2 |       ||     8
  Use: Scroll            |       |       |       |    19 |     4 ||    23
       Potion            |       |       |       |     4 |     2 ||     6
 Stab: Sleeping          |       |     4 |       |       |       ||     4
Armor: Robe              |     3 |    13 |     4 |       |       ||    20
       Ring mail         |       |       |    62 |   151 |    43 ||   256
       Skin              |       |       |       |     3 |       ||     3
Dodge: Dodged            |    24 |    50 |    77 |   365 |    94 ||   610
Block: Buckler           |       |       |    45 |   142 |    32 ||   219

Table legend: (Time is in decaauts)
 A = Elapsed time spent in this place.
 B = Non-inter-level travel time spent in this place.
 C = Inter-level travel time spent in this place.
 D = Time resting spent in this place.
 E = Time spent auto-exploring this place.
 F = Levels seen in this place.
 G = Mean time per level.
                   A        B        C        D        E       F      G
               +--------+--------+--------+--------+--------+-----+--------+
         Total |  24454 |  23730 |    724 |   5888 |  14282 |  18 | 1358.6 |
       Dungeon |  16840 |  16198 |    642 |   3860 |   9986 |  11 | 1530.9 |
        Temple |     59 |     48 |     11 |      0 |     45 |   1 |   59.0 |
          Lair |   7554 |   7484 |     70 |   2027 |   4251 |   6 | 1259.0 |
               +--------+--------+--------+--------+--------+-----+--------+

Top non-repeatable levels by time:
     D:7: 2275 daAuts
  Lair:4: 2160 daAuts
     D:9: 1954 daAuts
     D:5: 1928 daAuts
  Lair:1: 1888 daAuts
  Lair:3: 1857 daAuts
     D:6: 1773 daAuts
     D:4: 1699 daAuts
     D:3: 1687 daAuts
  Lair:2: 1612 daAuts
     D:1: 1468 daAuts
     D:2: 1438 daAuts
    D:10: 1368 daAuts
     D:8: 1214 daAuts
  Temple: 59 daAuts
